 Dungeon Crawl Stone Soup version 0.20-a0-738-gb057e68 (webtiles) character file.

74 Gorglomux the Cudgeler (level 4, 0/35 HPs)
             Began as a Demonspawn Abyssal Knight on Feb 23, 2017.
             Was a Believer of Lugonu.
             Succumbed to an adder's poison
             ... on level 2 of the Dungeon.
             The game lasted 00:06:33 (1598 turns).

Gorglomux the Cudgeler (Demonspawn Abyssal Knight)  Turns: 1598, Time: 00:06:34

Health: 0/35       AC:  5    Str: 12    XL:     4   Next: 10%
Magic:  5/5        EV: 10    Int: 13    God:    Lugonu [**....]
Gold:   92         SH:  0    Dex: 14    Spells: 3/3 levels left

rFire    + . .     SeeInvis .   a - +1 mace
rCold    + . .     Gourm    .   n - +0 ring mail
rNeg     . . .     Faith    .   (no shield)
rPois    +         Spirit   .   (helmet restricted)
rElec    +         Reflect  .   (no cloak)
rCorr    +         Harm     .   (no gloves)
MR       .....     Clarity  +   (no boots)
Stlth    +.........             i - amulet of inaccuracy (curse)
Regen    0.2/turn               (no ring)
MPRegen  0.1/turn               (no ring)

@: lethally poisoned (0 -> -2), exhausted, resistant, flying, slowed, very slow
A: horns 1, clarity, low mp 1, mutation resistance 1
a: Depart the Abyss, Bend Space, Renounce Religion


You were on level 2 of the Dungeon.
You worshipped Lugonu.
Lugonu was pleased with you.
You were not hungry.

You visited 1 branch of the dungeon, and saw 2 of its levels.
You visited the Abyss 1 time.

You collected 92 gold pieces.

Inventory:

Hand Weapons
 a - a +1 mace (weapon)
 b - a +0 hunting sling
Missiles
 p - 44 stones (quivered)
 Z - a throwing net
Armour
 n - a +0 ring mail (worn)
Jewellery
 d - an uncursed amulet of rage
 i - a cursed amulet of inaccuracy (around neck)
Scrolls
 r - a scroll of recharging {unknown}
 s - a scroll of enchant armour {unknown}
Comestibles
 c - a bread ration
 h - a royal jelly
 X - a chunk of flesh


   Skills:
 - Level 3.0 Fighting
 + Level 4.0 Maces & Flails
 - Level 1.7 Armour
 - Level 0.8 Dodging
 - Level 2.4 Invocations


You had 3 spell levels left.
You didn't know any spells.

Dungeon Overview and Level Annotations

Branches:
Dungeon (2/15)

Altars:
Gozag
Kikubaaqudgha
Okawaru
Sif Muna
Trog
Wu Jian
Zin
The Shining One


Innate Abilities, Weirdness & Mutations

You have a pair of small horns on your head.
You possess an exceptional clarity of mind.
Your magical capacity is low. (-10% MP)
You are somewhat resistant to further mutation.


Message History

You start resting.
You feel your anger subside.
You are no longer berserk.
You are exhausted.
You feel yourself slow down.
Unknown command.
You aren't carrying or standing over any spellbooks.
You feel protected.
* * * LOW HITPOINT WARNING * * *
You feel sick.
There is a lethal amount of poison in your body!
There is a lethal amount of poison in your body!
There is a lethal amount of poison in your body!
* * * LOW HITPOINT WARNING * * *
You feel sick.
* * * LOW HITPOINT WARNING * * *
You feel sick.
* * * LOW HITPOINT WARNING * * *
You feel sick.
Okay, then.
You die...

#.##.# #>...รท....
#.#..# #.###.####
###.#..# #...^.....
.......####.###.####
#.#...........#
######....####.#####
..........# #.#
....#...## #.# ...
#@#.# #.# #.#)# #.#
#.#.# #.# #.#.# #.#
#..........
#...(..##.# #..._..#
#.._8_.# ...._..#


There were no monsters in sight!

Vanquished Creatures
  4 adders (D:2)
  A dart slug (D:2)
  2 leopard geckos (D:1)
  6 bats
  A giant cockroach (D:2)
  4 goblins
  4 hobgoblins
  5 jackals (D:2)
  3 frilled lizards
  2 kobolds (D:1)
32 creatures vanquished.

Notes
Turn   | Place    | Note
-------+----------+-------------------------------------------
     0 | Abyss:1  | Gorglomux the Demonspawn Abyssal Knight began the quest for the Orb.
     0 | Abyss:1  | Reached XP level 1. HP: 18/18 MP: 2/2
     4 | Abyss:1  | Found a corrupted altar of Lugonu.
    57 | Abyss:1  | Found a corrupted altar of Lugonu.
    67 | D:1      | Escaped the Abyss
   106 | D:1      | Reached skill level 2 in Maces & Flails
   471 | D:1      | Gained mutation: You have a pair of small horns on your head. [demonic ancestry]
   471 | D:1      | Reached XP level 2. HP: 19/24 MP: 3/3
   836 | D:2      | Found an opulent altar of Gozag.
   848 | D:2      | Reached skill level 3 in Maces & Flails
   863 | D:2      | Reached XP level 3. HP: 16/29 MP: 4/4
   880 | D:2      | Reached ** piety under Lugonu
  1145 | D:2      | Found a deep blue altar of Sif Muna.
  1147 | D:2      | Found an ancient bone altar of Kikubaaqudgha.
  1471 | D:2      | Found a bloodstained altar of Trog.
  1558 | D:2      | Found an ornate altar of the Wu Jian Council.
  1559 | D:2      | Found a glowing golden altar of the Shining One.
  1559 | D:2      | Found an iron altar of Okawaru.
  1560 | D:2      | Found a glowing silver altar of Zin.
  1573 | D:2      | Reached XP level 4. HP: 22/35 MP: 5/5
  1577 | D:2      | Reached skill level 4 in Maces & Flails
  1581 | D:2      | Gained mutation: Your magical capacity is low. (-10% MP) [potion of mutation]
  1581 | D:2      | Gained mutation: You possess an exceptional clarity of mind. [potion of mutation]
  1581 | D:2      | Gained mutation: You are somewhat resistant to further mutation. [potion of mutation]
  1593 | D:2      | HP: 1/35 [poisoned by an adder]
  1598 | D:2      | Succumbed to an adder's poison

Vault maps used:
D:1:      minmay_arrival_doors
D:2:      nicolae_ru_the_path_less_chosen,
          chequers_temple_overflow_statue_of_worship,
          grunt_temple_overflow_open, lightli_temple_of_fire,
          nicolae_gozag_seed_capital
Abyss:1:  evilmike_abyss_exit_glass, hangedman_decor_riveting

Skill      XL: |  1  2  3  4 |
---------------+-------------+-----
Maces & Flails | 2 3 4 |  4.0
Fighting       | |  3.0
Armour         | |  1.7
Dodging        | |  0.8
Invocations    | |  2.4

Action                   |  1- 3 |  4- 6 || total
-------------------------+-------+-------++-------
Melee: Mace              |   117 |     5 ||   122
       Headbutt          |     7 |       ||     7
 Fire: Hunting sling     |    12 |       ||    12
  Use: Scroll            |     2 |       ||     2
       Potion            |       |     4 ||     4
  Eat: Chunk             |     2 |       ||     2
Armor: Leather armour    |    17 |       ||    17
       Ring mail         |    44 |     1 ||    45
Dodge: Dodged            |    88 |     2 ||    90
